 Dungeon Crawl Stone Soup version 0.27-a0-1365-ge71e8f7681 (webtiles) character file.

Game seed: 1310805452858191977

129925 HAL9000 the Peltast (level 17, -6/94 (99) HPs)
             Began as a Vine Stalker Brigand on June 28, 2021.
             Was the Champion of Dithmenos.
             Mangled by Arachne (7 damage)
             ... on level 2 of the Spider Nest.
             The game lasted 01:11:14 (26527 turns).

HAL9000 the Peltast (Vine Stalker Brigand)         Turns: 26527, Time: 01:11:15

HP:   -6/94 (99)    AC: 16    Str: 22    XL:     17   Next: 6%
MP:   0/27          EV: 11    Int: 20    God:    Dithmenos [******]
Gold: 2243          SH: 17    Dex: 16    Spells: 3/29 levels left

rFire    . . .     SeeInvis +   d - +9 rapier of the King {drain, rPois Int+4 SInv}
rCold    . . .     Faith    .   o - +3 kite shield {reflect}
rNeg     . . .     Spirit   +   g - +3 troll leather armour {Snorg}
rPois    +         Reflect  +   S - +2 hat {Will+}
rElec    .         Harm     .   c - +0 cloak
rCorr    .         Rampage  .   y - +0 pair of gloves
Will     +++..                  k - +0 pair of boots Stlth *+++++++++
                                I - amulet of Vitality {Regen+ HP+15}
HPRegen  3.25/turn              t - +6 ring of strength
MPRegen  0.20/turn              L - +4 ring of protection

@: lethally poisoned (-6 -> -6), about to teleport, wreathed by umbra, drained
A: fangs 3, regeneration 1, magic shield, antimagic bite, no potion heal 2
a: Renounce Religion, Shadow Step, Shadow Form


You were on level 2 of the Spider Nest.
You worshipped Dithmenos.
Dithmenos was exalted by your worship.
You visited 5 branches of the dungeon, and saw 27 of its levels.
You also visited: Ossuary.

You collected 2839 gold pieces.
You spent 596 gold pieces at shops.

Inventory:

Hand Weapons
 a - a +3 scimitar of flaming
 d - the +9 rapier of the King (weapon) {drain, rPois Int+4 SInv}
   (You found it on level 1 of the Lair of Beasts)

   A truly terrible weapon, it drains the life of those it strikes.
   Int:       It affects your intelligence (+4).
   rPois:     It protects you from poison.
   SInv:      It lets you see invisible.
 D - the +9 fustibalus "Kuciw" {venom, rElec}
   (You found it on level 15 of the Dungeon)

   It poisons the ammo it fires.
   rElec:     It insulates you from electricity.
 W - a +0 double sword of freezing
Missiles
 b - 6 silver javelins (quivered)
 l - 7 silver boomerangs
 q - a throwing net
 A - 4 curare-tipped darts
 P - 9 javelins
 Q - 67 sling bullets
 U - 7 datura-tipped darts
Armour
 c - a +0 cloak (worn)
 g - a +3 troll leather armour (worn) {Snorg}
 k - a +0 pair of boots (worn)
 o - a +3 kite shield of reflection (worn)
 y - a +0 pair of gloves (worn)
 M - a +2 robe of fire resistance
 S - a +2 hat of willpower (worn)
Jewellery
 t - a +6 ring of strength (left hand)
 H - a ring of see invisible
 I - the amulet of Vitality (around neck) {Regen+ HP+15}
   (You found it on level 5 of the Lair of Beasts)

   [amulet of regeneration]

   HP:        It affects your health (+15).
   Regen:     It increases your rate of health regeneration.
 L - a +4 ring of protection (right hand)
Wands
 h - a wand of mindburst (16)
 v - a wand of paralysis (23)
 E - a wand of iceblast (30)
 F - a wand of digging (21)
 O - a wand of acid (8)
Scrolls
 e - 6 scrolls of teleportation
 i - 3 scrolls of vulnerability
 m - 2 scrolls of fog
 s - 3 scrolls of immolation
 u - a scroll of silence
 w - a scroll of amnesia
 x - 2 scrolls of fear
 z - a scroll of torment
 C - 4 scrolls of magic mapping
 J - 3 scrolls of holy word
 N - a scroll of brand weapon
 T - a scroll of enchant weapon
 X - a scroll of enchant armour
 Y - a scroll of summoning
 Z - 4 scrolls of blinking
Potions
 f - 14 potions of curing
 j - a potion of resistance
 n - 3 potions of might
 p - 4 potions of invisibility
 r - 4 potions of ambrosia
 B - 6 potions of flight
 G - a potion of brilliance
 K - 2 potions of haste
 R - 2 potions of attraction
 V - 3 potions of cancellation


   Skills:
 - Level 7.0 Fighting
 - Level 14.0 Short Blades
 - Level 5.6(6.2) Slings
 - Level 4.0(5.4) Throwing
 - Level 0.7 Dodging
 - Level 15.0 Stealth
 - Level 15.0 Shields
 + Level 6.6 Spellcasting
 + Level 10.3 Hexes
 - Level 5.0 Transmutations


You had 3 spell levels left.
You knew the following spells:

 Your Spells              Type           Power      Damage    Failure   Level
a - Confusing Touch       Hex            47%        N/A       1%          3
b - Alistair's Intoxicat  Tmut/Pois      10%        N/A       75%         5
c - Wereblood             Tmut           26%        N/A       2%          2
d - Invisibility          Hex            23%        N/A       26%         6
e - Silence               Hex/Air        13%        N/A       36%         5
f - Yara's Violent Unrav  Hex/Tmut       18%        3d9       14%         5

Your spell library contained the following spells:

 Spells                   Type           Power      Damage    Failure   Level
 Beastly Appendage        Tmut           52%        N/A       1%          1
 Corona                   Hex            52%        N/A       1%          1
 Ensorcelled Hibernation  Hex/Ice        54%        N/A       1%          2
 Tukima's Dance           Hex            47%        N/A       1%          3
 Dazzling Flash           Conj/Hex       54%        N/A       4%          3
 Summon Guardian Golem    Hex/Summ       27%        N/A       4%          3
 Animate Skeleton         Necr           12%        N/A       12%         1
 Apportation              Tloc           12%        N/A       12%         1
 Summon Small Mammal      Summ           24%        N/A       12%         1
 Spider Form              Tmut/Pois      8%         N/A       12%         3
 Blink                    Tloc           N/A        N/A       17%         2
 Call Imp                 Summ           6%         N/A       17%         2
 Poisonous Vapours        Pois/Air       12%        N/A       17%         2
 Call Canine Familiar     Summ           6%         N/A       34%         3
 Conjure Flame            Conj/Fire      6%         6-21      34%         3
 Gell's Gravitas          Tloc           3%         N/A       34%         3
 Lesser Beckoning         Tloc           3%         N/A       34%         3
 Mephitic Cloud           Conj/Pois/Air  6%         N/A       34%         3
 Teleport Other           Tloc           6%         N/A       34%         3
 Cause Fear               Hex            23%        N/A       1%          4
 Ice Form                 Ice/Tmut       16%        N/A       38%         4
 Blade Hands              Tmut           13%        N/A       38%         5
 Summon Ice Beast         Ice/Summ       6%         N/A       75%         4
 Summon Lightning Spire   Summ/Air       6%         N/A       75%         4
 Irradiate                Conj/Tmut      8%         3d16      75%         5
 Bolt of Magma            Conj/Fire/Erth 3%         4d5       97%         5
 Freezing Cloud           Conj/Ice/Air   3%         6-21      97%         5
 Iskenderun's Battlesphe  Conj           6%         2d6       97%         5
 Manifold Assault         Tloc           6%         N/A       97%         5
 Statue Form              Tmut/Erth      10%        N/A       99%         6
 Iron Shot                Conj/Erth      3%         9d2       100%        6
 Dragon Form              Tmut           13%        N/A       100%        7
 Orb of Destruction       Conj           3%         9d1       100%        7
 Spellforged Servitor     Conj/Summ      3%         N/A       100%        7
 Storm Form               Tmut/Air       8%         N/A       100%        7
 Discord                  Hex            23%        N/A       100%        8
 Lehudib's Crystal Spear  Conj/Erth      3%         10d2      100%        8
 Chain Lightning          Conj/Air       3%         3d4       100%        9
 Fire Storm               Conj/Fire      3%         8d1       100%        9
 Polar Vortex             Ice            3%         N/A       100%        9


Dungeon Overview and Level Annotations

Branches:
Dungeon (15/15)            Temple (1/1) D:6            Lair (6/6) D:8
  Swamp (0/4) Lair:3       Spider (3/4) Lair:3        Slime (0/5) Lair:5
    Orc (2/2) D:11            Elf (0/3) Orc:2        Vaults (0/5) D:14
 Depths (0/5) D:15        Ossuary (visited)

Altars:
Ashenzari
Cheibriados
Dithmenos
Elyvilon
Fedhas
Gozag
Hepliaklqana
Makhleb
Nemelex Xobeh
Qazlal
Ru
Sif Muna
Trog
Uskayaw
Vehumet
Wu Jian
Xom
Yredelemnul
Zin
The Shining One

Shops:
D:2 (   D:3 [   D:4 :(:   D:6 *   D:9 *   D:15 (   Orc:2 :[(*

Annotations:
Lair:4 exclusion: 4 oklob plants
Lair:5 exclusion: 3 oklob plants
Spider:2 Arachne, Asterion


Innate Abilities, Weirdness & Mutations

You have razor-sharp teeth.
Your natural rate of healing is unusually fast.
When hurt, damage is shared between your health and your magic reserves.
Your bite disrupts and absorbs the magic of your enemies.
Potions cannot restore your health.


Message History

You feel very sick.
Arachne hits you with a staff of poison!
Arachne envenoms you!
* * * LOW HITPOINT WARNING * * *
The demonic crawler barely misses you.
The demonic crawler hits you but does no damage.
You block the demonic crawler's attack. Arachne hits you but does no damage.
As you read the scroll of fear, it crumbles to dust.
You assume a fearsome visage.
Arachne resists with some effort.
The tarantella looks frightened!
The demonic crawler is unaffected.
You feel sick. Arachne casts a spell at you.
Your +3 kite shield of reflection reflects the poison arrow!
The poison arrow hits Arachne!
Arachne partially resists.
Arachne is poisoned.
The demonic crawler hits you.
* * * LOW HITPOINT WARNING * * *
You block the demonic crawler's attack. x2
You emit a cloud of dark smoke.
You feel sick.
Arachne stares at you and mumbles some strange words.
The bolt of poison hits you! You resist.
* * * LOW HITPOINT WARNING * * *
Arachne says, "No one escapes my webs."
You block Arachne's attack.
As you read the scroll of teleportation, it crumbles to dust.
You feel strangely unstable.
You feel sick. The demonic crawler closely misses you.
The demonic crawler hits you but does no damage.
You block the demonic crawler's attack.
Arachne hits you with a staff of poison!
* * * LOW HITPOINT WARNING * * *
Arachne envenoms you.
* * * LOW HITPOINT WARNING * * *
The demonic crawler hits you but does no damage.
You block the demonic crawler's attack. x2
You feel sick.
Arachne says, "No one escapes my webs."
Arachne hits you with a staff of poison!
* * * LOW HITPOINT WARNING * * *
Arachne envenoms you!
You die...

#########.#...###..###...#####^#
####..#.....##.#...###..
#.##.!.#..####...#...
###s.###...###..##.##
#.§§####..##....###.
####§§###...###^..###
#§§§§§.###...=####### ###§§H##.#
#...^.#.#.##
##.##§§@#####.#..##?..#H
#.....#....####..#....#>
###...#...##.....###..##
#...#.#.###....####...##
##.###### #.#### ###..## ### ###
#...... ##..#.. #>..#.. ##.###.


You could see Arachne (very poisoned).

Vanquished Creatures
  Rupert (D:12)
  Gastronok (Lair:3)
  A ghost moth (Spider:2)
  An orc warlord (Orc:1)
  An emperor scorpion (Spider:2)
  A caustic shrike zombie (D:15)
  Nessos (D:14)
  A stone giant (Orc:2)
  Snorg (Lair:4)
  3 ettins
  8 hydras
  An ogre mage (D:14)
  Erica (Lair:1)
  Fannar (Lair:3)
  A boulder beetle (D:12)
  2 centaur warriors
  3 catoblepae (Lair:6)
  10 death yaks (Lair:6)
  7 two-headed ogres
  A death knight (D:15)
  Urug (D:10)
  A tengu warrior (D:15)
  Nergalle (Lair:1)
  7 skeletal warriors
  A lindwurm (Lair:3)
  16 wolf spiders
  4 orc knights (Orc:1)
  A sphinx zombie (D:15)
  A deep elf pyromancer (D:15)
  A phantasmal warrior (D:15)
  4 ugly things
  11 cyclopes
  A necromancer (D:15)
  4 orc sorcerers
  9 orb spiders
  2 moths of wrath
  4 manticores
  10 elephants
  8 black mambas
  2 spriggan zombies (D:15)
  20 cane toads
  4 gargoyles
  7 torpor snails
  2 unseen horrors
  2 rime drakes
  A kobold demonologist (D:12)
  A tengu conjurer (D:13)
  A freezing wraith (D:12)
  An efreet (D:14)
  5 demonic crawlers (Spider:1)
  7 komodo dragons
  2 polar bears
  A tyrant leech (Lair:3)
  8 trolls
  11 jumping spiders
  5 slime creatures
  3 hornets
  11 dream sheep (Lair:6)
  8 blink frogs
  A centaur simulacrum (D:14)
  44 redbacks
  Sigmund (D:3)
  13 tarantellas
  77 yaks
  7 basilisks
  4 wraiths
  3 wyverns
  4 water elementals (D:10)
  Grum (Lair:1)
  13 vampire mosquitoes (D:13)
  A steam dragon (D:6)
  A swamp worm (Lair:3)
  A warg (shapeshifter) (D:13)
  10 wargs
  18 water moccasins
  34 orc warriors
  Purgy (D:3)
  A sky beast (D:7)
  An ice beast (D:8)
  A black bear (D:5)
  A necrophage (D:5)
  7 ogres
  4 centaurs
  7 wolves
  2 phantoms (D:5)
  3 kobold brigands
  15 bullfrogs
  A gnoll sergeant (D:6)
  A scorpion (D:7)
  A water moccasin skeleton (D:4)
  10 wights
  A howler monkey (D:7)
  4 electric eels (D:8)
  4 centaur zombies
  A hound (D:6)
  5 jellies
  A bullfrog zombie (D:6)
  18 orc priests
  A bullfrog skeleton (D:7)
  Natasha (D:2)
  2 gnoll shamans
  An iguana (D:6)
  26 orc wizards
  A hound zombie (D:5)
  A howler monkey zombie (D:8)
  Robin (D:2)
  4 adders
  13 gnolls
  A shadow imp (D:6)
  3 white imps
  2 ufetubi
  An adder zombie (Ossuary)
  3 worms
  3 dart slugs
  49 orcs
  8 ball pythons
  6 endoplasms
  2 giant cockroaches
  11 goblins
  7 hobgoblins
  15 jackals
  2 quokkas
  A ball python skeleton (Ossuary)
  5 bats
  A frilled lizard (D:1)
  A hobgoblin skeleton (Ossuary)
  2 hobgoblin zombies (Ossuary)
  23 kobolds
  A kobold zombie (Ossuary)
  An orc skeleton (Ossuary)
  An orc zombie (Ossuary)
  A rat (D:1)
760 creatures vanquished.

Vanquished Creatures (others)
  21 fungi
  74 plants
  A withered plant (D:15)
96 creatures vanquished.

Grand Total: 856 creatures vanquished

Notes
Turn   | Place    | Note
-------+----------+-------------------------------------------
     0 | D:1      | HAL9000 the Vine Stalker Brigand began the quest for the
                  | Orb.
     0 | D:1      | Reached XP level 1. HP: 11/11 MP: 2/2
   177 | D:1      | Reached skill level 5 in Stealth
   179 | D:1      | Reached XP level 2. HP: 14/15 MP: 3/3
   675 | D:1      | Reached XP level 3. HP: 14/18 MP: 2/4
  1547 | D:2      | Noticed Robin
  1580 | D:2      | Killed Robin
  1581 | D:2      | Gained mutation: Your natural rate of healing is unusually
                  | fast. [Vine Stalker growth]
  1581 | D:2      | Reached XP level 4. HP: 2/23 MP: 2/5
  1680 | D:2      | Found Xuotir's Weapon Shop.
  1917 | D:2      | Noticed Natasha
  1921 | D:2      | Killed Natasha
  2025 | D:3      | Found Boil Jom's Antique Armour Boutique.
  2048 | D:3      | Reached XP level 5. HP: 26/26 MP: 6/6
  2054 | D:3      | Noticed Purgy
  2060 | D:3      | Killed Purgy
  2061 | D:3      | Reached skill level 5 in Short Blades
  2120 | D:3      | Reached XP level 6. HP: 30/30 MP: 7/7
  2161 | D:3      | Noticed Sigmund
  2238 | D:3      | Killed Sigmund
  2307 | D:3      | You fall into a shaft and drop 1 floor!
  2321 | D:4      | Reached XP level 7. HP: 34/34 MP: 8/8
  2469 | D:4      | Found a glowing silver altar of Zin.
  2840 | D:4      | Found Bahale's Book Emporium.
  2842 | D:4      | Found Cuocede's Weapon Shoppe.
  2842 | D:4      | Found Tucoosa's Book Boutique.
  3217 | D:5      | Entered Level 5 of the Dungeon
  3452 | D:5      | Gained mutation: You have razor-sharp teeth. [Vine Stalker
                  | growth]
  3452 | D:5      | Reached XP level 8. HP: 39/39 MP: 9/9
  3561 | D:5      | Found a sand-covered staircase.
  3586 | Ossuary  | Entered an ossuary
  3690 | Ossuary  | Noticed a wraith
  3690 | Ossuary  | Noticed a flying skull
  3699 | Ossuary  | Noticed a flying skull
  3726 | Ossuary  | Noticed a flying skull
  3734 | Ossuary  | Noticed a wraith
  3736 | Ossuary  | Killed a wraith
  3749 | Ossuary  | Noticed a wraith
  3751 | Ossuary  | Killed a wraith
  3758 | Ossuary  | Noticed a flying skull
  3782 | Ossuary  | Reached skill level 10 in Stealth
  3906 | D:5      | Found a basalt altar of Yredelemnul.
  4181 | D:5      | Found a stormy altar of Qazlal.
  4304 | D:6      | Found a staircase to the Ecumenical Temple.
  4310 | D:6      | Reached XP level 9. HP: 26/42 MP: 5/10
  4330 | Temple   | Entered the Ecumenical Temple
  4447 | Temple   | Became a worshipper of Dithmenos the Shadowed
  4504 | D:6      | Found Ximy's General Store.
  4510 | D:6      | Bought 6 curare-tipped darts for 46 gold pieces
  4704 | D:6      | Learned a level 3 spell: Confusing Touch
  4708 | D:6      | Learned a level 3 spell: Tukima's Dance
  4816 | D:6      | Reached skill level 1 in Hexes
  4888 | D:6      | Learned a level 2 spell: Wereblood
  5098 | D:7      | Noticed a hornet
  5209 | D:7      | Paralysed by a hornet for 2 turns
  5210 | D:7      | Killed a hornet
  5405 | D:7      | Reached * piety under Dithmenos
  5627 | D:7      | Reached skill level 5 in Hexes
  5917 | D:8      | Noticed a two-headed ogre
  6139 | D:8      | Reached XP level 10. HP: 41/43 MP: 8/11
  6177 | D:8      | Killed a two-headed ogre
  6229 | D:8      | Noticed a two-headed ogre
  6231 | D:8      | Found a staircase to the Lair.
  6258 | D:8      | Killed a two-headed ogre
  7478 | D:9      | Noticed a two-headed ogre
  7485 | D:9      | Killed a two-headed ogre
  7525 | D:9      | Reached skill level 5 in Fighting
  7541 | D:9      | Reached XP level 11. HP: 47/55 MP: 9/12
  7574 | D:9      | Found Duhihur's Desiderata Depot.
  7726 | D:9      | Noticed a two-headed ogre
  7794 | Lair:1   | Entered Level 1 of the Lair of Beasts
  7876 | D:8      | Reached skill level 1 in Transmutations
  7895 | Lair:1   | Identified the +9 rapier of the King {drain, rPois Int+4
                  | SInv}
  7979 | Lair:1   | Noticed Erica
  7986 | Lair:1   | Killed Erica
  7986 | Lair:1   | Reached ** piety under Dithmenos
  8018 | Lair:1   | Noticed Grum
  8032 | Lair:1   | Killed Grum
  8090 | Lair:1   | Reached skill level 5 in Transmutations
  8325 | Lair:1   | Noticed Nergalle
  8337 | Lair:1   | Killed Nergalle
  8674 | Lair:2   | Reached skill level 10 in Short Blades
  8698 | Lair:2   | Identified a scroll of acquirement
  8699 | Lair:2   | Acquired a book of Transfigurations
  8890 | Lair:1   | HP: 2/87 [yak[a torpor snail] (5)]
  9107 | Lair:2   | Reached XP level 12. HP: 62/62 MP: 13/13
  9107 | Lair:2   | Found a snail-covered altar of Cheibriados.
  9727 | Lair:3   | Noticed Gastronok
  9797 | Lair:3   | Killed Gastronok
  9867 | Lair:3   | Reached *** piety under Dithmenos
 10125 | Lair:3   | Noticed Fannar
 10142 | Lair:3   | Killed Fannar
 10485 | Lair:3   | Noticed a four-headed hydra
 10515 | Lair:3   | Killed a one-headed hydra
 10566 | Lair:3   | Found a hole to the Spider Nest.
 10690 | Lair:3   | Identified the +0 leather armour "Wydexocw" {rPois}
 10903 | Lair:3   | Reached XP level 13. HP: 66/66 MP: 14/14
 11029 | Lair:3   | Found a staircase to the Swamp.
 11333 | Lair:4   | Reached **** piety under Dithmenos
 11414 | Lair:4   | Noticed Snorg
 11419 | Lair:4   | Killed Snorg
 11766 | Lair:4   | Reached skill level 1 in Shields
 12416 | Lair:5   | Reached skill level 5 in Shields
 12548 | Lair:5   | Found a staircase to the Slime Pits.
 12575 | Lair:5   | Found the amulet of Vitality {Regen+ HP+15}
 13288 | Lair:6   | Entered Level 6 of the Lair of Beasts
 13347 | Lair:6   | Reached XP level 14. HP: 72/72 MP: 15/15
 13524 | Lair:6   | Reached ***** piety under Dithmenos
 13777 | Lair:6   | Reached skill level 10 in Shields
 15176 | D:4      | Bought a book of Party Tricks for 550 gold pieces
 15304 | D:9      | Found an ornate altar of the Wu Jian Council.
 15392 | D:9      | Found an opulent altar of Gozag.
 15850 | D:9      | Reached skill level 1 in Spellcasting
 15908 | D:10     | Entered Level 10 of the Dungeon
 16173 | D:10     | Reached XP level 15. HP: 75/75 MP: 18/18
 16189 | D:10     | Learned a level 6 spell: Invisibility
 16569 | D:10     | Noticed Urug
 16581 | D:10     | Killed Urug
 16899 | D:11     | You fall into a shaft and drop 2 floors!
 17063 | D:11     | Found a staircase to the Orcish Mines.
 17069 | Orc:1    | Entered Level 1 of the Orcish Mines
 17760 | Orc:1    | Reached ****** piety under Dithmenos
 17980 | Orc:2    | Entered Level 2 of the Orcish Mines
 17980 | Orc:2    | Found Lufuan's Antique Armour Emporium.
 17980 | Orc:2    | Noticed an orc warlord
 18203 | Orc:1    | Killed an orc warlord
 18305 | Orc:2    | Found Zuhes's Book Boutique.
 18337 | Orc:2    | Found Feleen's Antique Weapon Boutique.
 18403 | Orc:2    | Found Toqieb's General Store.
 18403 | Orc:2    | Found a staircase to the Elven Halls.
 19241 | Orc:2    | Learned a level 5 spell: Silence
 20301 | D:12     | Noticed Rupert
 20303 | D:12     | Killed Rupert
 20958 | D:13     | Reached XP level 16. HP: 80/80 MP: 22/22
 21027 | D:13     | Reached skill level 15 in Shields
 21541 | D:13     | You fall into a shaft and drop 1 floor!
 22178 | D:14     | Found a gate to the Vaults.
 22340 | D:14     | Noticed Nessos
 22347 | D:14     | Killed Nessos
 22601 | D:15     | Entered Level 15 of the Dungeon
 22613 | D:15     | Identified the +9 fustibalus "Kuciw" {venom, rElec}
 22623 | D:15     | Found an opulent altar of Gozag.
 22707 | D:15     | Found Rumar's Antique Weapon Boutique.
 23197 | D:15     | Found a staircase to the Depths.
 24000 | Spider:1 | Entered Level 1 of the Spider Nest
 24047 | Spider:1 | Reached skill level 15 in Stealth
 24141 | Spider:1 | Reached skill level 1 in Slings
 25297 | Spider:2 | Reached skill level 5 in Slings
 25596 | Spider:2 | Reached skill level 5 in Spellcasting
 25602 | Spider:2 | Learned a level 5 spell: Yara's Violent Unravelling
 25630 | Spider:2 | Learned a level 5 spell: Alistair's Intoxication
 25692 | Spider:2 | Reached skill level 10 in Hexes
 25843 | Spider:2 | Reached XP level 17. HP: 84/84 MP: 27/27
 26354 | Spider:3 | Noticed Arachne
 26360 | Spider:3 | Noticed Asterion
 26527 | Spider:2 | HP: 1/94 [Arachne (9)]
 26527 | Spider:2 | Mangled by Arachne

Illustrated notes

Levels and vault maps discovered:
D:1:      dpeg_arrival_simpleton_a, layout_loops_cross
D:2:      layout_basic, serial_shops, shop, uniq_robin, uniq_natasha
D:3:      cheibrodos_thug_alley, layout_rooms, serial_shops, nicolae_shop_stone,
          gammafunk_ghost_nasty_kobolds, grunt_ministairs_8, uniq_ijyb,
          uniq_sigmund, uniq_purgy
D:4:      layout_loops_ring, lemuel_crystal_altar, nicolae_wooded_promenade
D:5:      layout_basic, kennysheep_mini, nicolae_overflow_crystal_walls,
          nicolae_ossuary_entry_monument
D:6:      layout_gridville, minmay_temple_entry_trees, serial_shops, shop,
          nrook_mini_vaults, kennysheep_doodads
D:7:      layout_loops_cross, st_stairs_13
D:8:      layout_rooms, nicolae_overflow_hidden_temple, david_lair_shrubbed,
          chequers_big_river, roderic_three_in_a_row, kennysheep_big_empty_room,
          st_stairs_10
D:9:      layout_irregular_city, nzn_wu_jian_contemplation, lemuel_round_altar,
          nicolae_alphabet_shops, grunt_decor_one_mirror
D:10:     layout_loops_cross, nicolae_underground_beach, uniq_urug
D:11:     layout_roguey, orc_0_dummy
D:12:     layout_basic, uniq_rupert
D:13:     layout_gridville
D:14:     layout_gridville, david_vaults_2, minmay_misc_feat_rows, uniq_nessos
D:15:     gammafunk_depths_entry_grave, layout_loops_cross, grunt_gozag_statues,
          gauntlet_entry_generic, serial_shops, nicolae_shop_waterfront
Temple:   regret_index_temple_waves
Lair:1:   layout_gridlike, uniq_grum, uniq_erica, uniq_nergalle
Lair:2:   layout_small_grid, kennysheep_snail_temple
Lair:3:   layout_cave_pods, palyth_hydra_swamp_entry,
          nicolae_spider_entry_tight_spaces, infiniplex_staircase_pool_2,
          lemuel_fruit_tree, grunt_megastairs_5, uniq_fannar, uniq_gastronok
Lair:4:   layout_regular_city, minmay_lair_oklob_chamber, uniq_snorg
Lair:5:   layout_gridlike, minmay_slime_entry_pillars, dpeg_oklob_1,
          grunt_megastairs_2, serial_bayou_shore_b
Lair:6:   evilmike_catoblepas_cave, layout_cave_pods, grunt_megastairs_1
Spider:1: layout_chambers
Spider:2: layout_spider_delve
Spider:3: layout_spider_delve, nicolae_spider_webs_and_nodes, uniq_arachne,
          uniq_asterion, uniq_mara
Orc:1:    layout_caves
Orc:2:    grunt_orc_gardens, layout_caves, grunt_orc_garden, grunt_orc_garden,
          grunt_orc_garden, grunt_orc_garden, nooodl_orcs_dogs

Skill      XL: |  1  2  3  4  5  6  7  8  9 10 11 12 13 14 15 16 |
---------------+-------------------------------------------------+-----
Short Blades   | 2 3 4 5 6 8 10 13 14 | 14.0
Stealth        | 5 6 10 11 12 13 15 | 15.0
Throwing       | 4 |  4.0
Hexes          | 7 8 10 | 10.3
Fighting       | 5 6 7 |  7.0
Transmutations | 5 |  5.0
Shields        | 7 12 14 15 | 15.0
Spellcasting   | 1 3 6 |  6.6
Slings         | 5 |  5.6
Dodging        | |  0.7

Action                   |  1- 3 |  4- 6 |  7- 9 | 10-12 | 13-15 | 16-18 || total
-------------------------+-------+-------+-------+-------+-------+-------++-------
Melee: Dagger            |    97 |    73 |   386 |   186 |       |       ||   742
       Bite              |    20 |    21 |   145 |   159 |   483 |   226 ||  1054
       Rapier            |       |       |       |   220 |  1162 |   572 ||  1954
       Scimitar          |       |       |       |     6 |    31 |     4 ||    41
 Fire: Fustibalus        |       |       |       |       |       |    15 ||    15
Throw: Dart              |     4 |    10 |    51 |    66 |    18 |       ||   149
 Cast: Confusing Touch   |       |       |       |     4 |     3 |       ||     7
Invok: Shadow Step       |       |       |       |       |     3 |       ||     3
  Use: Scroll            |       |       |    10 |     6 |    13 |     9 ||    38
       Potion            |       |       |       |     2 |       |       ||     2
 Stab: Sleeping          |     6 |     6 |    24 |    21 |    47 |    33 ||   137
       Distracted        |       |       |     1 |     4 |     6 |     1 ||    12
       Confused          |       |       |       |     3 |     5 |       ||     8
Armor: Robe              |    38 |       |       |    51 |    12 |       ||   101
       Animal skin       |       |    11 |       |       |       |       ||    11
       Troll leather arm |       |    14 |   113 |    48 |   211 |   144 ||   530
Dodge: Dodged            |    84 |    42 |   165 |   163 |   310 |   147 ||   911
Block: Kite shield       |       |       |       |       |   418 |   367 ||   785
       Reflection        |       |       |       |       |    18 |     5 ||    23
       Rpst.: Scimitar   |       |       |       |       |     3 |     1 ||     4

Table legend: (Time is in decaauts)
 A = Elapsed time spent in this place.
 B = Non-inter-level travel time spent in this place.
 C = Inter-level travel time spent in this place.
 D = Time resting spent in this place.
 E = Time spent auto-exploring this place.
 F = Levels seen in this place.
 G = Mean time per level.
                   A        B        C        D        E       F      G
               +--------+--------+--------+--------+--------+-----+--------+
         Total |  25518 |  23128 |   2390 |   1701 |  15764 |  28 |  911.4 |
       Dungeon |  13944 |  12525 |   1419 |   1296 |   8377 |  15 |  929.6 |
        Temple |    153 |    119 |     34 |      0 |    113 |   1 |  153.0 |
          Lair |   7200 |   6622 |    578 |    381 |   4624 |   6 | 1200.0 |
   Spider Nest |   2380 |   2203 |    177 |      7 |   1723 |   3 |  793.3 |
  Orcish Mines |   1598 |   1418 |    180 |     17 |    788 |   2 |  799.0 |
       Ossuary |    241 |    241 |      0 |      0 |    138 |   1 |  241.0 |
               +--------+--------+--------+--------+--------+-----+--------+

Top non-repeatable levels by time:
  Lair:3: 1640 daAuts
     D:8: 1575 daAuts
  Lair:6: 1428 daAuts
Spider:1: 1212 daAuts
    D:12: 1179 daAuts
  Lair:2: 1179 daAuts
     D:1: 1172 daAuts
    D:11: 1164 daAuts
Spider:2: 1102 daAuts
  Lair:4: 1037 daAuts
  Lair:1: 1000 daAuts
     D:4: 981 daAuts
     D:7: 961 daAuts
     D:9: 945 daAuts
  Lair:5: 913 daAuts
